[Event "Team 45 45 League T47"]
[Site "Internet Chess Club"]
[Date "2010.11.07"]
[Round "1"]
[White "BlackHorse"]
[Black "Alphalegacy"]
[Result "0-1"]
[WhiteElo "2036"]
[BlackElo "2047"]
[Opening "Alekhine's defense"]
[ECO "B02"]
[Time "18:01:28"]
[TimeControl "2700+45"]

1. e4 Nf6 2. e5 Nd5 3. Nf3 d6 4. exd6 cxd6 5. d4 Nc6 6. c4 Nb6 7. d5 Ne5 8. Nd4
g6 9. b3 Bg7 10. Bb2 O-O 11. Be2 h5 12. h3 Ned7 13. Nc3 Nc5 14. g4 h4 15. Qc2
Bxd4 16. f4 Bg7 17. f5 g5 18. O-O Be5 19. b4 Na6 20. a3 f6 21. Bc1 Bd7 22. Be3
Rc8 23. Qb3 Bxc3 24. Qxc3 Nxd5 {White resigns} 0-1

[Event "Team 45 45 League T47"]
[Site "Internet Chess Club"]
[Date "2010.11.09"]
[Round "1"]
[White "parrot9"]
[Black "kidviper"]
[Result "0-1"]
[WhiteElo "1640"]
[BlackElo "1987"]
[Opening "Sicilian: accelerated fianchetto, modern variation with Bc4"]
[ECO "B35"]
[Time "16:02:35"]
[TimeControl "2700+45"]

1. e4 c5 2. Nf3 Nc6 3. d4 cxd4 4. Nxd4 Nf6 5. Nc3 g6 6. Be3 Bg7 7. Bc4 Nxe4 8.
Bxf7+ Kxf7 9. Nxe4 Rf8 10. Ng5+ Kg8 11. h4 e6 12. h5 Nxd4 13. Nxh7 Nf5 14. Nxf8
Nxe3 15. fxe3 Qxf8 16. hxg6 Qb4+ 17. Kf2 Qxb2 18. Rb1 Qf6+ 19. Qf3 Qxg6 20. Rh4
Qxc2+ {White resigns} 0-1

[Event "Team 45 45 League T47"]
[Site "Internet Chess Club"]
[Date "2010.11.06"]
[Round "1"]
[White "Warpdrive"]
[Black "ElmerHo"]
[Result "1/2-1/2"]
[WhiteElo "1652"]
[BlackElo "1647"]
[Opening "Sicilian: Pelikan (Lasker/Sveshnikov) variation"]
[ECO "B33"]
[Time "21:00:23"]
[TimeControl "2700+45"]

1. e4 c5 2. Nf3 Nc6 3. d4 cxd4 4. Nxd4 Nf6 5. Nc3 e5 6. Ndb5 d6 7. Be3 a6 8. Na3
Rb8 9. Nc4 b5 10. Nd2 d5 11. exd5 Nxd5 12. Nxd5 Qxd5 13. Nf3 Be6 14. a4 Qxd1+
15. Rxd1 Be7 16. axb5 axb5 17. c3 O-O 18. Be2 b4 19. O-O f6 20. Rd2 bxc3 21.
bxc3 Rfd8 22. Rfd1 Kf7 23. Rxd8 Bxd8 24. Kf1 Ba5 25. Bd2 Rb3 26. c4 Bxd2 27.
Nxd2 Rb8 28. Rb1 Rxb1+ 29. Nxb1 Ke7 30. Ke1 Kd6 31. Kd2 Kc5 32. Kc3 Nd4 33. Bf1
g5 34. Nd2 f5 35. Nb3+ Nxb3 36. Kxb3 h5 37. Kc3 h4 38. f3 g4 39. fxg4 fxg4 40.
g3 {Game drawn by mutual agreement} 1/2-1/2

[Event "Team 45 45 League T47"]
[Site "Internet Chess Club"]
[Date "2010.11.04"]
[Round "1"]
[White "Invicta-Knight"]
[Black "kidcobra"]
[Result "0-1"]
[WhiteElo "1480"]
[BlackElo "1638"]
[Opening "French: advance, Milner-Barry gambit"]
[ECO "C02"]
[Time "14:03:15"]
[TimeControl "2700+45"]

1. e4 e6 2. d4 d5 3. e5 c5 4. c3 Nc6 5. Nf3 Qb6 6. Bd3 Bd7 7. dxc5 Bxc5 8. b4
Bxf2+ 9. Kf1 Be3 10. Bxe3 Qxe3 11. Qe2 Qxe2+ 12. Kxe2 Nge7 13. Rf1 Ng6 14. Bxg6
hxg6 15. Na3 O-O 16. Nb5 Nxb4 17. Nd6 Na6 18. Nxb7 Bb5+ 19. Ke3 Bxf1 20. Rxf1
Rab8 21. Nd6 f6 22. exf6 Rxf6 23. Re1 Rb6 24. Nc8 Rb7 25. Ne5 Rf5 26. Nxg6 Rf6
27. Ne5 Rb8 28. Ne7+ Kf8 29. N7g6+ Ke8 30. Re2 Rc8 31. Kd4 Nc7 32. Rb2 Na6 33.
Rb7 Rc7 34. Rb5 Rf1 35. Ra5 Rd1+ 36. Ke3 Nb8 37. Rb5 Nd7 38. Nxd7 Kxd7 39. Ke2
Rc1 40. Kd2 R1xc3 41. Rb7 Rc2+ 42. Kd3 Rxb7 43. Kxc2 Kd6 44. Nf4 Ke5 45. Nd3+
Kd4 46. Nf4 Rc7+ 47. Kd2 Ke5 48. Nd3+ Ke4 49. Nf2+ Kd4 50. Ng4 e5 51. Ne3 e4 52.
Nf5+ Ke5 53. Ne3 d4 54. Nd1 e3+ 55. Kd3 Rb7 56. h4 Rb1 57. Kc2 e2 {White
resigns} 0-1

[Event "Team 45 45 League T47"]
[Site "Internet Chess Club"]
[Date "2010.11.06"]
[Round "1"]
[White "islanderpfeifer"]
[Black "Whalen"]
[Result "0-1"]
[WhiteElo "1424"]
[BlackElo "1606"]
[Opening "Queen's pawn"]
[ECO "A40"]
[Time "10:02:32"]
[TimeControl "2700+45"]

1. d4 e6 2. Nf3 f5 3. e3 Nf6 4. Bd3 Be7 5. O-O b6 6. Qe2 Bb7 7. Nfd2 O-O 8. f3
d6 9. c4 Nbd7 10. Nc3 a6 11. e4 f4 12. e5 dxe5 13. dxe5 Nh5 14. Re1 Bc5+ 15. Kh1
Qh4 16. Qd1 Ng3# {White checkmated} 0-1

[Event "Team 45 45 League T47"]
[Site "Internet Chess Club"]
[Date "2010.11.05"]
[Round "1"]
[White "rook9999"]
[Black "mitus"]
[Result "1-0"]
[WhiteElo "1691"]
[BlackElo "1728"]
[Opening "Scotch game"]
[ECO "C45"]
[Time "13:02:53"]
[TimeControl "2700+45"]

1. e4 e5 2. Nf3 Nc6 3. d4 exd4 4. Nxd4 Bc5 5. Be3 Qf6 6. c3 Nge7 7. Bc4 O-O 8.
O-O a6 9. Qd2 h6 10. f4 d6 11. Kh1 Nxd4 12. cxd4 Bb6 13. e5 Qg6 14. Nc3 Be6 15.
Bxe6 Qxe6 16. Rad1 d5 17. Qd3 f5 18. Rf3 Rad8 19. Rg3 Kh8 20. Na4 Ba7 21. Rc1 c6
22. Nc5 Bxc5 23. Rxc5 Qd7 24. Bf2 b6 25. Rc3 Qb7 26. Qf3 Qd7 27. Ra3 a5 28. Rb3
Rb8 29. Qe2 Kh7 30. Rh3 Ng6 31. Rhf3 Rfe8 32. Qc2 Nf8 33. g4 g6 34. gxf5 gxf5
35. Rbc3 Rbc8 36. Rg3 Ng6 37. Qd2 Rf8 38. Rg2 Rg8 39. Rcg3 Rg7 40. Be3 Rcg8 41.
Qe2 Nh4 42. Rxg7+ Rxg7 43. Rxg7+ Qxg7 44. Qf2 Qg4 45. Qg3 Qd1+ 46. Bg1 Qf3+ 47.
Qxf3 Nxf3 48. Kg2 Nxg1 49. Kxg1 c5 50. dxc5 bxc5 51. Kf2 Kg7 52. Ke3 Kf7 53. a3
a4 54. Kd3 Ke6 55. Kc3 h5 56. h4 Kd7 57. b3 axb3 58. Kxb3 Kc6 59. a4 c4+ 60. Kc3
Kc5 61. a5 d4+ 62. Kd2 Kb4 63. e6 c3+ 64. Kc2 d3+ 65. Kxd3 Kb3 66. e7 c2 67.
e8=Q c1=Q 68. Qe6+ Ka4 69. Qc4+ {Black resigns} 1-0

[Event "Team 45 45 League T47"]
[Site "Internet Chess Club"]
[Date "2010.11.08"]
[Round "1"]
[White "clarinetref"]
[Black "dinosaurs01"]
[Result "1-0"]
[WhiteElo "1666"]
[BlackElo "1391"]
[Opening "Réti opening"]
[ECO "A30"]
[Time "18:00:25"]
[TimeControl "2700+45"]

1. Nf3 c5 2. c4 e6 3. d4 cxd4 4. Nxd4 Nc6 5. Nc2 a6 6. a3 b5 7. cxb5 axb5 8. b3
Nf6 9. Bb2 Be7 10. e3 Qb6 11. Nc3 Ba6 12. Be2 O-O 13. O-O b4 14. Na4 Qb7 15.
Bxa6 Rxa6 16. axb4 Nxb4 17. Nd4 Rfa8 18. Qd2 Ne4 19. Qe2 Nf6 20. Rfc1 Nbd5 21.
e4 Nf4 22. Qe3 Qxe4 23. Qxe4 Nxe4 24. Rd1 Bf6 25. Kf1 Kf8 26. f3 Nd6 27. Rab1
Nd5 28. Kf2 Bxd4+ 29. Bxd4 Nb5 30. Nc5 Nbc3 31. Bxc3 Nxc3 32. Rxd7 Nxb1 33. Nxa6
Rxa6 34. Rb7 Nc3 35. Ke3 Nd5+ 36. Kd4 Ke8 37. Kc5 Ne3 38. b4 h6 39. b5 Ra8 40.
b6 g6 41. Ra7 Rb8 42. Kc6 Nd5 43. b7 Nb4+ 44. Kc7 Rd8 45. Ra8 Nd5+ 46. Kc6 Ne7+
47. Kb5 Nd5 48. Rxd8+ Kxd8 49. b8=Q+ Ke7 50. Kc5 Nf6 51. Qd6+ Ke8 52. Kc6 {Black
resigns} 1-0

[Event "Team 45 45 League T47"]
[Site "Internet Chess Club"]
[Date "2010.11.06"]
[Round "1"]
[White "juniorVishy"]
[Black "tryanything"]
[Result "0-1"]
[WhiteElo "1582"]
[BlackElo "1578"]
[Opening "QGD: Albin counter-gambit"]
[ECO "D08"]
[Time "19:00:20"]
[TimeControl "2700+45"]

1. d4 d5 2. c4 e5 3. cxd5 exd4 4. Qxd4 Nf6 5. e4 Bd6 6. Nc3 O-O 7. Be2 Nbd7 8.
Nf3 Re8 9. O-O Ne5 10. Nxe5 Bxe5 11. Qd1 Bxc3 12. bxc3 Nxe4 13. Bb2 Qg5 14. Bc1
Qf6 15. Qd3 Nxc3 16. Be3 Nxe2+ 17. Qxe2 b6 18. Qc2 Qd6 19. Rfd1 Bb7 20. Qc4 Rad8
21. Bf4 Bxd5 22. Bxd6 Bxc4 23. Bxc7 Rxd1+ 24. Rxd1 Bxa2 25. Be5 f6 26. Bc3 a6
27. Ra1 Bc4 28. f3 Ra8 29. Kf2 a5 30. Ra4 Bb3 31. Ra3 a4 32. Bb4 b5 33. Kg3 Rc8
34. Ra1 Rc4 35. Ba5 Rc2 36. Bb4 Rc4 37. Ba5 Kf7 38. Kf2 Ke6 39. Re1+ Kd7 40. Ra1
Kc6 41. Bd2 Rc2 42. Rc1 a3 43. Rxc2+ Bxc2 44. Bc3 Kc5 45. Ke3 Kc4 46. Kd2 Bd3
47. Ba1 b4 48. Kc1 b3 49. f4 b2+ 50. Bxb2 axb2+ 51. Kxb2 Kd4 52. Kc1 Ke3 53. g3
Kf3 54. Kd2 Bf5 55. Ke1 Kg2 56. Ke2 Kxh2 57. Kf3 Kh3 58. Kf2 Bg4 59. f5 h5 60.
Ke3 Kxg3 61. Ke4 h4 62. Kd5 Bxf5 63. Kd6 h3 64. Ke7 h2 65. Kf7 g6 66. Kxf6 h1=Q
67. Kg5 Qh5+ 68. Kf6 Kf3 69. Kg7 g5 70. Kg8 g4 71. Kf8 g3 72. Ke7 Qg6 73. Kf8
Qh7 74. Ke8 Be6 {White resigns} 0-1

[Event "Team 45 45 League T47"]
[Site "Internet Chess Club"]
[Date "2010.11.03"]
[Round "1"]
[White "Aquaman"]
[Black "mmf00"]
[Result "0-1"]
[WhiteElo "1301"]
[BlackElo "1643"]
[Opening "Réti: King's Indian attack"]
[ECO "A05"]
[Time "20:00:22"]
[TimeControl "2700+45"]

1. Nf3 Nf6 2. g3 g6 3. Bg2 Bg7 4. O-O O-O 5. d3 d6 6. e4 c5 7. Nbd2 Nc6 8. Re1
Be6 9. h3 h6 10. c3 d5 11. e5 Nd7 12. d4 cxd4 13. cxd4 Qb6 14. Nb3 a5 15. a4
Rac8 16. Be3 Nb4 17. Nc5 Nxc5 18. dxc5 Qc7 19. Bd4 Nc6 20. Bc3 Rfd8 21. Nd4 Nxd4
22. Bxd4 Qd7 23. Kh2 Qc6 24. Rc1 Bd7 25. b3 e6 26. Qd2 Qc7 27. Bf1 Ra8 28. Bb5
Bc6 29. b4 axb4 30. Qxb4 Bf8 31. Ra1 Rdc8 32. Rec1 Bxb5 33. Qxb5 Ra5 34. Qb6
Bxc5 35. Qxc7 Rxc7 36. Bxc5 Raxc5 37. Rd1 Rc2 38. Kg2 Kg7 39. Kf3 R7c3+ 40. Kg2
f6 41. exf6+ Kxf6 42. Rab1 Rc7 43. Ra1 Rd7 44. Ra3 e5 45. Rf3+ Ke6 46. Kf1 d4
47. Rfd3 Rc4 48. Ra3 e4 49. Ke2 Rdc7 50. Ra2 Kd5 51. a5 Rc2+ 52. Rxc2 Rxc2+ 53.
Rd2 Rxd2+ 54. Kxd2 Kc4 55. h4 Kb5 56. g4 Kxa5 57. h5 gxh5 58. gxh5 b5 59. Ke2 b4
60. Kd2 b3 61. Kc1 d3 {White resigns} 0-1

[Event "Team 45 45 League T47"]
[Site "Internet Chess Club"]
[Date "2010.11.07"]
[Round "1"]
[White "subterfuge"]
[Black "otherook"]
[Result "1/2-1/2"]
[WhiteElo "1721"]
[BlackElo "1823"]
[Opening "Robatsch defense: three pawns attack"]
[ECO "A40"]
[Time "20:04:28"]
[TimeControl "2700+45"]

1. d4 g6 2. e4 Bg7 3. f4 c6 4. Nf3 d5 5. e5 h5 6. Nc3 Nh6 7. Be2 Bg4 8. Ng5 e6
9. Be3 Nf5 10. Bf2 Bxe2 11. Qxe2 Bf8 12. a3 Qb6 13. O-O-O Nd7 14. h3 h4 15. Rd3
Qc7 16. g4 hxg3 17. Bxg3 b5 18. Na2 a5 19. h4 c5 20. Bf2 c4 21. Rdh3 b4 22. h5
bxa3 23. hxg6 axb2+ 24. Kb1 Rxh3 25. gxf7+ Ke7 26. Rxh3 Bg7 27. Rh7 Rh8 28. Rxh8
Bxh8 29. Qf3 c3 30. Nxc3 Qc4 31. Qd3 Qxd3 32. cxd3 Bg7 33. Kxb2 Nf8 34. Kb3 Ng6
35. Ne2 Nh6 36. Ka4 Nxf7 37. Nxf7 Kxf7 38. Kxa5 Bh6 39. Be3 Ne7 40. Kb6 Nf5 41.
Bc1 Nh4 42. Kc7 Ng2 43. f5 Bxc1 44. fxe6+ Kxe6 45. Nxc1 Nf4 46. Kc6 Ke7 47. Kc5
Ke6 48. Kc6 Ke7 49. Ne2 Nxe2 50. Kxd5 Kd7 51. e6+ Ke7 52. Ke5 Nc1 53. Ke4 Kxe6
54. d5+ Kd6 {Game drawn by mutual agreement} 1/2-1/2

[Event "Team 45 45 League T47"]
[Site "Internet Chess Club"]
[Date "2010.11.08"]
[Round "1"]
[White "ZiggyStardust"]
[Black "rayonline53"]
[Result "0-1"]
[WhiteElo "1602"]
[BlackElo "1436"]
[Opening "Pirc: classical (two knights) system"]
[ECO "B07"]
[Time "16:01:32"]
[TimeControl "2700+45"]

1. e4 d6 2. Nf3 g6 3. d4 Bg7 4. Nc3 Nf6 5. Bc4 O-O 6. h3 Nbd7 7. O-O e5 8. Be3
a6 9. Qd2 b5 10. Bd5 Nxd5 11. exd5 f5 12. Bh6 e4 13. Bxg7 Kxg7 14. Ng5 Nb6 15.
b3 h6 16. Ne6+ Bxe6 17. dxe6 d5 18. Qf4 Qd6 19. Ne2 g5 20. Qxd6 cxd6 21. f4 Rae8
22. e7 Rxe7 23. fxg5 hxg5 24. Ng3 Kg6 25. Rf2 f4 26. Ne2 Rc7 27. Rc1 Rf6 28. Kf1
Rcf7 29. Kg1 f3 30. gxf3 Rxf3 31. Rcf1 Rxf2 32. Rxf2 Rxf2 33. Kxf2 Nd7 34. Ng3
Nf6 35. Ke3 Nh5 36. Ne2 Kf5 37. Nc3 Nf4 38. a4 b4 39. Na2 a5 40. c3 bxc3 41.
Nxc3 Ke6 42. Nb5 Kd7 43. Nc3 Kc6 44. h4 Ng2+ 45. Kf2 Nxh4 46. Ne2 Nf5 47. Kg2
Nh4+ 48. Kg3 Nf3 49. Kg4 Nd2 50. Nc1 e3 51. Kxg5 Nxb3 52. Kf4 Nxc1 {White
resigns} 0-1

[Event "Team 45 45 League T47"]
[Site "Internet Chess Club"]
[Date "2010.11.05"]
[Round "1"]
[White "nursey"]
[Black "quotha"]
[Result "0-1"]
[WhiteElo "1644"]
[BlackElo "1627"]
[Opening "Philidor: exchange variation"]
[ECO "C41"]
[Time "15:35:06"]
[TimeControl "2700+45"]

1. e4 e5 2. Nf3 d6 3. d4 exd4 4. Nxd4 Be7 5. Nc3 Nf6 6. Be2 O-O 7. O-O h6 8. f4
c5 9. Nf3 Nc6 10. Be3 a6 11. a3 b5 12. a4 b4 13. Na2 Nxe4 14. Qd5 Nf6 15. Qxc6
Bd7 16. Qb7 Qe8 17. c4 Bc6 18. Qc7 Bd8 19. Qxd6 Qxe3+ 20. Kh1 Ng4 21. Qxc6 Nf2+
22. Rxf2 Qxf2 23. Qxa8 Qxe2 24. b3 Qb2 25. Rd1 Bf6 26. Qxa6 Qxb3 27. Rd2 Qb1+
28. Ng1 Bd4 29. Rxd4 cxd4 30. Nxb4 Qxb4 31. g3 d3 32. Nf3 d2 33. Nxd2 Qxd2 34.
a5 Re8 {White resigns} 0-1

[Event "Team 45 45 League T47"]
[Site "Internet Chess Club"]
[Date "2010.11.07"]
[Round "1"]
[White "mongmong"]
[Black "oldprez"]
[Result "1-0"]
[WhiteElo "1506"]
[BlackElo "1314"]
[Opening "King's Indian: East Indian defense"]
[ECO "A48"]
[Time "19:00:30"]
[TimeControl "2700+45"]

1. d4 Nf6 2. Nf3 g6 3. e3 Bg7 4. c4 O-O 5. b4 d6 6. Bb2 Nbd7 7. Be2 Re8 8. O-O
Nb6 9. c5 dxc5 10. bxc5 Nbd5 11. Nc3 c6 12. Nxd5 Qxd5 13. Qb3 Rd8 14. Qxd5 Rxd5
15. Ne5 Bf5 16. Nd3 Ne4 17. Nb4 Rd7 18. f3 Ng5 19. e4 Be6 20. e5 f6 21. f4 Ne4
22. Bd3 a5 23. Bxe4 axb4 24. Bc2 Bc4 25. Bb3 Bxb3 26. axb3 Rxa1 27. Rxa1 fxe5
28. fxe5 e6 29. Ra4 Bh6 30. Rxb4 Rf7 31. h3 Be3+ 32. Kh2 Rf2 33. Bc3 Bf4+ 34.
Kg1 Rc2 35. Rc4 Be3+ 36. Kf1 Rf2+ 37. Ke1 Rxg2 38. Rb4 Rc2 39. Rc4 Bf4 40. Kd1
Rh2 41. Rb4 Rh1+ 42. Kc2 Rh2+ 43. Kd3 Rxh3+ 44. Kc4 g5 45. Rxb7 g4 46. Ra7 g3
47. Be1 g2 48. Bf2 Be3 49. Bxe3 Rxe3 50. Ra1 h5 51. Rg1 Re2 52. Kd3 Rb2 53. Kc3
Rf2 54. b4 h4 55. b5 h3 56. bxc6 h2 57. Rxg2+ Rxg2 58. c7 h1=Q 59. c8=Q+ Kf7 60.
Qd7+ Kg6 61. Qxe6+ Kh7 62. Qf7+ Rg7 63. Qf5+ Kh6 64. Qf6+ Rg6 65. Qh8+ Kg5 66.
Qxh1 Kf5 67. Qf3+ Ke6 68. Qc6+ Kf5 69. Qxg6+ {Black resigns} 1-0

[Event "Team 45 45 League T47"]
[Site "Internet Chess Club"]
[Date "2010.11.06"]
[Round "1"]
[White "Grenadier"]
[Black "zepled37"]
[Result "1-0"]
[WhiteElo "1740"]
[BlackElo "1673"]
[Opening "Sicilian: closed, 2...Nc6"]
[ECO "B23"]
[Time "13:07:30"]
[TimeControl "2700+45"]

1. e4 c5 2. Nc3 Nc6 3. Bb5 e6 4. Nf3 a6 5. Bxc6 bxc6 6. O-O Nf6 7. d3 d5 8. e5
Nd7 9. Re1 Be7 10. Bf4 Nb6 11. Rb1 c4 12. d4 c5 13. Qd2 cxd4 14. Nxd4 Bd7 15.
Re3 g5 16. Bg3 h5 17. f3 h4 18. Bf2 Qc7 19. Re2 O-O-O 20. b3 Rdg8 21. h3 Qd8 22.
a4 a5 23. Ncb5 Bxb5 24. Nxb5 Bb4 25. c3 Be7 26. Qd4 Nd7 27. Qa7 Nb8 28. bxc4
dxc4 29. Nd4 Qc7 30. Qa8 Bc5 31. Reb2 Qa7 32. Rxb8+ Qxb8 33. Rxb8+ {Black
resigns} 1-0

[Event "Team 45 45 League T47"]
[Site "Internet Chess Club"]
[Date "2010.11.07"]
[Round "1"]
[White "bmw2002"]
[Black "GoIrish"]
[Result "1-0"]
[WhiteElo "1586"]
[BlackElo "1525"]
[Opening "English, 1...Nf6 (Anglo-Indian defense)"]
[ECO "A15"]
[Time "21:04:19"]
[TimeControl "2700+45"]

1. c4 Nf6 2. g3 g6 3. Bg2 Bg7 4. Nc3 O-O 5. d3 e5 6. e4 d6 7. Nge2 Nc6 8. O-O
Ne8 9. Be3 f5 10. Qd2 Nf6 11. Bg5 Be6 12. exf5 Bxf5 13. Nd5 Qd7 14. Rac1 Nd4 15.
Nxd4 exd4 16. Nxf6+ Bxf6 17. Bxf6 Rxf6 18. Bxb7 Re8 19. Bd5+ Kg7 20. Rfe1 c6 21.
Rxe8 Qxe8 22. Re1 Qd7 23. Be4 d5 24. cxd5 Bxe4 25. dxe4 cxd5 26. Qxd4 Qb7 27.
exd5 Qd7 {Black resigns} 1-0

[Event "Team 45 45 League T47"]
[Site "Internet Chess Club"]
[Date "2010.11.05"]
[Round "1"]
[White "Kingangyal"]
[Black "BrerRabbit"]
[Result "0-1"]
[WhiteElo "1469"]
[BlackElo "1624"]
[Opening "Queen's pawn: London system"]
[ECO "A45"]
[Time "19:00:29"]
[TimeControl "2700+45"]

1. d4 Nf6 2. Bf4 g6 3. e3 Bg7 4. Nf3 O-O 5. Be2 d6 6. h3 c5 7. c3 Be6 8. Nbd2
Qb6 9. b3 Nc6 10. O-O Rac8 11. Nc4 Qd8 12. a4 Nd5 13. Qc1 Nxf4 14. exf4 cxd4 15.
cxd4 Nxd4 16. Nxd4 Bxd4 17. Qd2 Bxa1 18. Rxa1 Rc5 19. Qe3 b6 20. Qf3 Qa8 21. Qg3
Qe4 22. Bd3 Qc6 23. Re1 Qc8 24. Re3 Qd7 25. Qh4 Rfc8 26. g4 R8c7 27. Rg3 Bxc4
28. bxc4 d5 29. Bf5 e6 30. Bd3 dxc4 31. f5 cxd3 32. f6 Qd8 33. Qh6 Qf8 34. Rxd3
Rd5 35. Rxd5 exd5 36. Qf4 Rc8 {White forfeits on time} 0-1

[Event "Team 45 45 League T47"]
[Site "Internet Chess Club"]
[Date "2010.11.07"]
[Round "1"]
[White "SpeedBlade"]
[Black "kingsrook"]
[Result "1-0"]
[WhiteElo "1459"]
[BlackElo "1219"]
[Opening "English: Caro-Kann defensive system"]
[ECO "A11"]
[Time "13:00:22"]
[TimeControl "2700+45"]

1. c4 c6 2. g3 Nf6 3. Bg2 d5 4. Nf3 Qc7 5. cxd5 cxd5 6. d4 Bf5 7. Nc3 e6 8. Bf4
Bd6 9. Bxd6 Qxd6 10. O-O O-O 11. Nh4 Bg4 12. Bf3 Bh3 13. Bg2 Bg4 14. h3 Bh5 15.
g4 Bxg4 16. hxg4 Nxg4 17. Nf3 Nc6 18. Bh3 Ne3 19. fxe3 Qg3+ 20. Bg2 f5 21. Qe1
Qg4 22. Qh4 Qxh4 23. Nxh4 g5 24. Nf3 h6 25. Ne5 Ne7 26. Rac1 a6 27. Na4 Rab8 28.
Nb6 Rbd8 29. Rc7 {Black resigns} 1-0

[Event "Team 45 45 League T47"]
[Site "Internet Chess Club"]
[Date "2010.11.07"]
[Round "1"]
[White "cacheboy"]
[Black "Monsoon-Smith"]
[Result "1-0"]
[WhiteElo "2102"]
[BlackElo "2001"]
[Opening "Sicilian: closed"]
[ECO "B23"]
[Time "21:03:11"]
[TimeControl "2700+45"]

1. e4 c5 2. Nc3 e6 3. f4 d5 4. Nf3 Nc6 5. Bb5 a6 6. Bxc6+ bxc6 7. d3 g6 8. O-O
Bg7 9. Bd2 Ne7 10. Qe1 Rb8 11. Rb1 O-O 12. Qh4 f5 13. e5 Qc7 14. Kh1 a5 15. Na4
Qa7 16. c4 Re8 17. b3 Bd7 18. Be3 d4 19. Bc1 Nc8 20. Ba3 Bf8 21. Ng5 h6 22. Bxc5
Bxc5 23. Qxh6 Re7 24. Nxc5 Qxc5 25. Rf3 {Black resigns} 1-0

[Event "Team 45 45 League T47"]
[Site "Internet Chess Club"]
[Date "2010.11.09"]
[Round "1"]
[White "Freitac"]
[Black "BlackHorse"]
[Result "1-0"]
[WhiteElo "1967"]
[BlackElo "2016"]
[Opening "King's Indian: 3.g3"]
[ECO "E62"]
[Time "16:42:04"]
[TimeControl "2700+45"]

1. d4 Nf6 2. c4 g6 3. g3 Bg7 4. Bg2 O-O 5. Nc3 d6 6. Nf3 c6 7. O-O a6 8. e4 b5
9. e5 Nfd7 10. Bf4 dxe5 11. dxe5 Bb7 12. Qe2 Nc5 13. Rfd1 Qc8 14. Nd4 b4 15. Ne4
Nbd7 16. e6 fxe6 17. Nxc5 Nxc5 18. Bh3 Kh8 19. Nxe6 Nxe6 20. Bxe6 Qe8 21. Bc7
Bc8 22. Rd8 Qxd8 23. Bxd8 Rxd8 24. Bxc8 Raxc8 25. Qxe7 Bxb2 26. Rb1 Bc3 27. Qb7
c5 28. Qxa6 Ra8 29. Qb6 Bd4 30. Re1 Rdb8 31. Qc7 Rc8 32. Qe7 Rxa2 33. Re5 Rxf2
34. Kh1 Bxe5 35. Qxe5+ Kg8 36. Qe6+ Kg7 37. Qxc8 Rf5 {Black resigns} 1-0

[Event "Team 45 45 League T47"]
[Site "Internet Chess Club"]
[Date "2010.11.05"]
[Round "1"]
[White "Phosphorus"]
[Black "AntMantis"]
[Result "0-1"]
[WhiteElo "2028"]
[BlackElo "2069"]
[Opening "QGD Slav: 4.e3 Bf5"]
[ECO "D12"]
[Time "15:06:48"]
[TimeControl "2700+45"]

1. d4 d5 2. c4 c6 3. Nf3 Nf6 4. e3 Bf5 5. Nc3 e6 6. Nh4 Bg4 7. Qb3 Qb6 8. h3 Bh5
9. g4 Bg6 10. Nxg6 hxg6 11. g5 Nh5 12. c5 Qc7 13. Bd2 Nd7 14. O-O-O e5 15. Kb1
O-O-O 16. Bg2 Be7 17. Bxd5 exd4 18. exd4 Nxc5 19. dxc5 cxd5 20. Nxd5 Qe5 21.
Nxe7+ Qxe7 22. Rhe1 Qd7 23. Be3 Qc7 24. Rd6 Rd7 25. Red1 Rhd8 26. Qa4 Rxd6 27.
cxd6 Rxd6 28. Rc1 Rc6 29. Qxa7 Rxc1+ 30. Bxc1 Qe5 31. Be3 Qe4+ 32. Kc1 Qh1+ 33.
Kc2 Qe4+ 34. Kb3 Qd5+ 35. Ka3 Qd3+ 36. b3 Qd6+ 37. Ka4 Nf4 38. Qa8+ Kc7 39. Qa5+
Kb8 40. Ba7+ Kc8 41. Bc5 Qd7+ 42. Ka3 Qc6 43. h4 Nd3 44. b4 Ne5 45. Qa8+ Kc7 46.
Qf8 Qa6+ 47. Kb2 Qe2+ 48. Kb3 Qc4+ 49. Kb2 Nd3+ 50. Ka3 Qc3+ 51. Ka4 Nb2+ 52.
Kb5 Qc4+ {White resigns} 0-1

[Event "Team 45 45 League T47"]
[Site "Internet Chess Club"]
[Date "2010.11.09"]
[Round "1"]
[White "NFork"]
[Black "pestka"]
[Result "0-1"]
[WhiteElo "2287"]
[BlackElo "2288"]
[Opening "Sicilian: Nimzovich-Rossolimo attack (with ...g6, without ...d6)"]
[ECO "B31"]
[Time "15:31:07"]
[TimeControl "2700+45"]

1. e4 c5 2. Nf3 Nc6 3. Bb5 g6 4. Bxc6 bxc6 5. d3 Bg7 6. O-O d6 7. h3 e5 8. c3
Ne7 9. d4 cxd4 10. cxd4 exd4 11. Nxd4 O-O 12. Nc3 Re8 13. Bg5 Qb6 14. Nb3 Ba6
15. Re1 Rad8 16. Rc1 Bc4 17. Nd2 Be6 18. Na4 Qb5 19. Be3 d5 20. b3 dxe4 21. Qe2
Nf5 22. Nc4 Nxe3 23. Qxe3 Bd4 24. Qxe4 Bxh3 25. Qf4 Rxe1+ 26. Rxe1 Be6 27. Ne5
Qb8 28. Re4 Bxe5 29. Rxe5 Rd5 30. Re4 Qxf4 31. Rxf4 Rd1+ 32. Kh2 Rd2 33. Nc3 Rc2
34. Rf3 Kg7 35. Kg3 g5 36. Re3 h5 37. f4 h4+ 38. Kf3 g4+ 39. Ke4 Rxg2 40. f5
Bd5+ 41. Kf4 Kf6 42. Na4 h3 43. Nc5 h2 44. Nd7+ Kg7 45. f6+ Kg6 46. Re8 h1=Q 47.
Rg8+ Kh7 48. Rg7+ Kh6 49. Nf8 Qf1+ 50. Ke5 Re2+ {White resigns} 0-1

[Event "Team 45 45 League T47"]
[Site "Internet Chess Club"]
[Date "2010.11.04"]
[Round "1"]
[White "eurander"]
[Black "Dreamshell"]
[Result "1-0"]
[WhiteElo "2168"]
[BlackElo "1880"]
[Opening "Caro-Kann: two knights variation"]
[ECO "B11"]
[Time "16:04:14"]
[TimeControl "2700+45"]

1. e4 c6 2. Nc3 d5 3. Nf3 dxe4 4. Nxe4 Nd7 5. Bc4 e6 6. Qe2 Be7 7. O-O Ngf6 8.
Ng3 b5 9. Bb3 Nc5 10. Re1 O-O 11. d4 Nxb3 12. axb3 Bb7 13. c3 c5 14. Qxb5 Bxf3
15. gxf3 Qd5 16. Ne4 Rfb8 17. Qc4 cxd4 18. cxd4 Rxb3 19. Nxf6+ Bxf6 20. Rxa7 Rf8
21. Qxd5 exd5 22. Ra4 g6 23. Re3 Rb5 24. Rc3 Kg7 25. Rc5 Rfb8 26. Rxb5 Rxb5 27.
Kf1 h6 28. Ke2 Bg5 29. Bxg5 hxg5 30. b4 Kf6 31. Kd3 Ke6 32. Kc3 Kd6 33. Ra7 Ke6
34. Kb3 Rb6 35. Rc7 f5 36. Ka4 Ra6+ 37. Kb5 Ra2 38. Rc6+ Kf7 39. Rc3 Rxf2 40.
Kc6 Rb2 41. b5 Rxh2 42. Rb3 Ke7 43. b6 Rc2+ 44. Kxd5 Rc8 45. b7 Rb8 46. Kc6 Kd8
47. Rb5 {Black resigns} 1-0

[Event "Team 45 45 League T47"]
[Site "Internet Chess Club"]
[Date "2010.11.07"]
[Round "1"]
[White "BigH"]
[Black "mitus"]
[Result "1-0"]
[WhiteElo "1767"]
[BlackElo "1713"]
[Opening "Catalan opening"]
[ECO "E00"]
[Time "13:03:48"]
[TimeControl "2700+45"]

1. d4 Nf6 2. c4 e6 3. g3 Bb4+ 4. Bd2 Qe7 5. Bg2 Nc6 6. Nf3 O-O 7. O-O Bxd2 8.
Qxd2 d6 9. Nc3 e5 10. d5 Nb8 11. e4 Bg4 12. Ne1 Na6 13. f3 Bh5 14. a3 Nc5 15.
Qc2 a5 16. b3 Bg6 17. Nd3 Nxd3 18. Qxd3 Qd7 19. Ne2 Nh5 20. g4 Nf6 21. Ng3 h6
22. a4 Qe7 23. Qe3 Nd7 24. Kf2 Nc5 25. Rab1 Ra6 26. Rh1 Qh4 27. Ke2 Rb6 28. Nf1
Nxa4 29. Nd2 Nc5 30. Ra1 Ra8 31. Qc3 Rba6 32. Ra2 h5 33. h3 Qg3 34. Rg1 Nxe4 35.
Nxe4 Bxe4 36. gxh5 Bf5 37. Raa1 Qh4 38. f4 Re8 39. Raf1 exf4+ 40. Kd2 Re3 41.
Qb2 Rg3 42. Kc1 Rb6 43. Rf3 Qe7 44. h6 Qe5 45. Qxe5 dxe5 46. c5 Rxb3 47. Rxb3
Rxb3 48. Kd2 Rg3 49. d6 c6 50. Be4 Be6 51. h7+ Kh8 52. Rb1 f5 53. Bd3 e4 54. Bf1
e3+ 55. Kd3 e2+ 56. Kxe2 Bc4+ 57. Kd2 Be6 58. Rxb7 Kxh7 59. d7 Bxd7 60. Rxd7 a4
61. Rd6 a3 62. Rxc6 Rb3 63. Ra6 Rb7 64. Rxa3 Rc7 65. Rc3 Kg6 66. c6 Kf6 67. Ba6
g5 68. Bb7 Ke5 69. Ke2 Kd5 70. Rd3+ Ke6 71. Kf2 Ke7 72. Kf3 Ke6 73. h4 gxh4 74.
Kxf4 Kf6 75. Rd6+ Ke7 76. Rh6 Ke8 77. Rxh4 Ke7 78. Rh7+ Kd6 79. Rxc7 Kxc7 80.
Kxf5 {Black resigns} 1-0